[Event "*** Titled Tuesday Blitz"]
[Site "Chess.com"]
[Date "2020.04.07"]
[Round "3"]
[White "hongnhung1234"]
[Black "djogrodek1"]
[Result "0-1"]
[WhiteElo "2166"]
[BlackElo "2518"]
[TimeControl "180+1"]
[EndTime "13:29:54 PDT"]
[Termination "djogrodek1 won by resignation"]

1. e4 c6 2. d4 d5 3. f3 e6 4. Nc3 Qb6 5. a3 Nf6 6. Be3 Qc7 7. Nge2 b6 8. Bf4 Qd8 9. Qd2 Ba6 10. O-O-O Be7 11. h4 Nbd7 12. h5 h6 13. e5 Ng8 14. Kb1 c5 15. dxc5 Bxc5 16. Nd4 Bxf1 17. Rhxf1 a6 18. Nxd5 exd5 19. e6 Ndf6 20. exf7+ Kxf7 21.
Qd3 Ne7 22. Rde1 Bxd4 23. Qxd4 Re8 24. g4 Qd7 25. g5 hxg5 26. Bxg5 Rac8 27. h6 Qf5 28.
Rg1 g6 29. Re2 Nc6 30. Qd2 Rxe2 31. Qxe2 Nd4 32. Qd3 Qxd3 33. cxd3 Nxf3 34. Rg3 Nxg5 35. Rxg5 Rh8 36. Rg4 Nxg4 0-1

[Event "*** Titled Tuesday Blitz"]
[Site "Chess.com"]
[Date "2020.04.07"]
[Round "3"]
[White "JulAnt"]
[Black "attack2mateU"]
[Result "0-1"]
[WhiteElo "2420"]
[BlackElo "2673"]
[TimeControl "180+1"]
[EndTime "13:29:55 PDT"]
[Termination "attack2mateU won on time"]

1. e4 c5 2. Nf3 d6 3. d4 cxd4 4. Nxd4 Nf6 5. Nc3 a6 6. Bg5 e6 7.
f4 Be7 8. Qf3 Qc7 9. O-O-O Nbd7 10. g4 h6 11. Bh4 b5 12. Bd3 Bb7 13. Rhe1 g5 14. fxg5 hxg5 15. Bxg5 Ne5 16. Qe2 b4 17. Nb1 Nfxg4 18. h4 Bxg5+ 19. hxg5 Qe7 20. Qd2 Rh2 21. Qxb4 Qxg5+ 22. Nd2 Qe7 23. Nc4 Nxc4 24. Bxc4 Rc8 25. Bb3 Rc7 26. Kb1 Ne5 27. Rd2 Rxd2 28. Qxd2 Qh4 29.
Rd1 Bxe4 30. Nxe6 fxe6 31. Qxd6 Rd7 32. Qxe6+ Kd8 33. Qb6+ Kc8 34. Qc5+ Bc6 35. Qf8+ Kc7 0-1

[Event "*** Titled Tuesday Blitz"]
[Site "Chess.com"]
[Date "2020.04.07"]
[Round "3"]
[White "Rogue_King"]
[Black "Noam_Vitenberg"]
[Result "0-1"]
[WhiteElo "2229"]
[BlackElo "2426"]
[TimeControl "180+1"]
[EndTime "13:29:55 PDT"]
[Termination "Noam_Vitenberg won on time"]

1. d4 Nf6 2. c4 e6 3. Nc3 d5 4. cxd5 exd5 5. Bg5 c6 6. Qc2 Bd6 7. e3 O-O 8. Bd3 h6 9. Bh4 Re8 10. Nge2 a5 11. Bg3 Na6 12. a3 Nc7 13. O-O Ne6 14. f3 Ng5 15. Bf2 Qc7 16. Kh1 Bxh2 17. f4 Ng4 18. fxg5 hxg5 19. Bh7+ Kf8 20. Bf5 Qd6 21.
g3 Qh6 22. Kg2 Bxg3 23. Nxg3 Qh2+ 24. Kf3 Nxe3 25. Bxe3 g4+ 26. Kxg4 Qxc2 27. Rf2 Qd3 28. Bf4 g6 29. Bh6+ Ke7 30. Re1+ Kd8 31. Bg5+ Kc7 32.
Bf4+ Kb6 33. Bxc8 Raxc8 34. Rxe8 Rxe8 0-1

[Event "*** Titled Tuesday Blitz"]
[Site "Chess.com"]
[Date "2020.04.07"]
[Round "3"]
[White "jncool68"]
[Black "jefferyx"]
[Result "0-1"]
[WhiteElo "2644"]
[BlackElo "2902"]
[TimeControl "180+1"]
[EndTime "13:29:56 PDT"]
[Termination "jefferyx won on time"]

1. e4 c5 2. Nf3 e6 3. d4 cxd4 4. Nxd4 Nc6 5. Nc3 a6 6. Be2 Nf6 7. O-O Qc7 8. Be3 d6 9. f4 Bd7 10. Kh1 b5 11. a3 Be7 12. Qe1 O-O 13. Qg3 b4 14. axb4 Nxb4 15. f5 e5 16. Bh6 Ne8 17.
Nb3 Qd8 18. Bd3 Kh8 19. Be3 Nf6 20. Qf3 Qb8 21. Na5 Rc8 22. Nc4 Nxc2 23. Nb6 Nxa1 24.
Nxd7 Qxb2 25. Nxf6 Rxc3 26. Nd5 Rxd3 27. Nxe7 Nc2 28.
f6 g5 29. Ng6+ Kg8 30. Ne7+ Kf8 31. Ng6+ Ke8 32. Nf4 gxf4 33. Qg4 Nxe3 34. Qg8+ Kd7 35. Qxf7+ Kc6 0-1

[Event "*** Titled Tuesday Blitz"]
[Site "Chess.com"]
[Date "2020.04.07"]
[Round "3"]
[White "johnathan113"]
[Black "fireheart92"]
[Result "0-1"]
[WhiteElo "2639"]
[BlackElo "2886"]
[TimeControl "180+1"]
[EndTime "13:29:56 PDT"]
[Termination "fireheart92 won on time"]

1. d4 d5 2. Nc3 Nf6 3. Bf4 a6 4. e3 e6 5. Nf3 c5 6. a3 Nc6 7. Bd3 Bd6 8. dxc5 Bxc5 9. O-O O-O 10. e4 d4 11. e5 Nh5 12. Bxh7+ Kxh7 13. Ng5+ Kg6 14. Qd3+ f5 15. exf6+ Kxf6 16. Nce4+ Ke7 17. Nxc5 Nxf4 18. Qh7 Kd6 19. b4 Kc7 20. Qxg7+ Kb8 21. Nge4 Rg8 22. Qh6 Rxg2+ 23. Kh1 Rg4 24. Nf6 Rg6 25.
Qxf4+ e5 26. Nfd7+ Bxd7 27. Qf7 Rd6 28. f4 Ra7 29.
fxe5 Nxe5 30. Qf4 Bc6+ 31. Kg1 Rg6+ 32. Kf2 Rf6 33. Nd7+ Bxd7 0-1

[Event "*** Titled Tuesday Blitz"]
[Site "Chess.com"]
[Date "2020.04.07"]
[Round "3"]
[White "Jumbo"]
[Black "Olga_Girya"]
[Result "1-0"]
[WhiteElo "2804"]
[BlackElo "2546"]
[TimeControl "180+1"]
[EndTime "13:29:56 PDT"]
[Termination "Jumbo won by checkmate"]

1. d4 d5 2. Bf4 c5 3. e3 cxd4 4. exd4 Nc6 5. c3 Bf5 6. Qb3 Qd7 7. Nf3 f6 8. Be2 e6 9. Bg3 Bd6 10. Nh4 Nge7 11. Nd2 O-O 12. O-O Rab8 13. a4 a6 14.
Rfe1 Rfe8 15. Nxf5 Nxf5 16. Bxd6 Nxd6 17. Qc2 b5 18.
axb5 axb5 19. Bd3 f5 20. Nb3 Rbc8 21. Nc5 Qf7 22. b4 e5 23. dxe5 Nxe5 24. f3 Nxd3 25.
Qxd3 Nc4 26. Qd4 h6 27. h4 Kh7 28. Nd3 Rxe1+ 29. Rxe1 Re8 30. Rxe8 Qxe8 31. Qxd5 Qe3+ 32. Kh2 Nd2 33. Qxf5+ Kh8 34. Nf4 Nf1+ 35. Kh3 Qg1 36. Ng6+ Kg8 37. Ne7+ Kh8 38. Qc8+ Kh7 39. Qg8# 1-0

[Event "*** Titled Tuesday Blitz"]
[Site "Chess.com"]
[Date "2020.04.07"]
[Round "3"]
[White "Sneakiest_Of_Snakes"]
[Black "CookiesAndIceCream"]
[Result "0-1"]
[WhiteElo "2120"]
[BlackElo "2362"]
[TimeControl "180+1"]
[EndTime "13:29:56 PDT"]
[Termination "CookiesAndIceCream won on time"]

1. e4 e6 2. d4 d5 3. Nc3 Nf6 4. e5 Nfd7 5. f4 c5 6. Nf3 Nc6 7. Be3 a6 8. Qd2 b5 9. dxc5 Bxc5 10. Bd3 Qb6 11. Bf2 h6 12. O-O Bxf2+ 13. Rxf2 O-O 14.
Ne2 Nc5 15. Qe3 Bb7 16. Ned4 Rfd8 17. Kh1 Ne4 18. Rff1 Rac8 19. Rae1 b4 20. f5 exf5 21. Nxf5 Qxe3 22. Rxe3 Re8 23. Bxe4 dxe4 24. Rxe4 Kh7 25. Nd6 Ba8 26. Nxe8 Rxe8 27. Rd1 a5 28. Ree1 Rc8 29. Rd7 Kg8 30. Red1 Kf8 31. R7d6 Ke7 32. Rd7+ Ke8 33. R1d2 g5 34. e6 fxe6 35. Rh7 Rd8 36. Rh8+ Ke7 37. Rdxd8 Nxd8 38. Rxh6 Nf7 39. Rh7 Be4 40. Rg7 Kf8 41. Rxg5 Bxf3 0-1

[Event "*** Titled Tuesday Blitz"]
[Site "Chess.com"]
[Date "2020.04.07"]
[Round "3"]
[White "HElissalt"]
[Black "Filip_Covic"]
[Result "1/2-1/2"]
[WhiteElo "2076"]
[BlackElo "2337"]
[TimeControl "180+1"]
[EndTime "13:29:56 PDT"]
[Termination "Game drawn by repetition"]

1. d4 Nf6 2. c4 e6 3. Nc3 Bb4 4. e3 O-O 5. Bd3 d5 6. Ne2 dxc4 7. Bxc4 e5 8. a3 Bd6 9. h3 exd4 10. exd4 Re8 11. O-O Be6 12. Bd3 c6 13. Re1 Nbd7 14.
Bc2 Bc4 15. b3 Ba6 16. Bg5 h6 17. Be3 Nb6 18. Qd2 Bf8 19. Nf4 Nbd5 20. Nd3 Nxc3 21.
Qxc3 Nd5 22. Qd2 Nxe3 23. fxe3 Qg5 24. Nf4 Bd6 25. Qf2 Rad8 26. Rad1 Bxf4 27. Qxf4 Qxf4 28. exf4 Rxe1+ 29. Rxe1 Kf8 30. Rd1 Ke7 31. Be4 Rd6 32.
Kf2 b6 33. Kf3 Bb7 34. b4 Bc8 35. g4 Bd7 36. f5 f6 37. Kf4 Kd8 38. Rd3 Kc7 39.
Rc3 Kb8 40. Rd3 Kc7 41. a4 a5 42. bxa5 bxa5 43. Ke3 Kb6 44. Rc3 Be8 45. Rb3+ Ka7 46. Rc3 Kb6 47. Rb3+ Ka7 48. Rc3 Kb6 1/2-1/2

[Event "*** Titled Tuesday Blitz"]
[Site "Chess.com"]
[Date "2020.04.07"]
[Round "3"]
[White "TwentyHourADay"]
[Black "AshotParvanyan"]
[Result "1-0"]
[WhiteElo "2331"]
[BlackElo "2522"]
[TimeControl "180+1"]
[EndTime "13:29:57 PDT"]
[Termination "TwentyHourADay won by checkmate"]

1. Nf3 Nf6 2. g3 g6 3. b3 Bg7 4.
Bb2 O-O 5. Bg2 d6 6. d4 e5 7.
dxe5 Ng4 8. O-O Nc6 9. c4 Ngxe5 10. Qd2 Bf5 11. Nc3 Re8 12. Nd5 Qd7 13. Rad1 Rac8 14. Nh4 Bh3 15. f4 Bxg2 16. Kxg2 Ng4 17. Bxg7 Kxg7 18.
h3 Nf6 19. Nxf6 Kxf6 20. Qc3+ Ke7 21. e4 Qe6 22. Rfe1 Rcd8 23. c5 Kd7 24. cxd6 Kc8 25. e5 cxd6 26. exd6 Qd7 27. Nf3 Rxe1 28. Qxe1 Re8 29.
Qd2 Kb8 30. b4 f6 31. b5 Nd8 32. a4 Ne6 33. Qd5 Ng7 34. Nd4 Nf5 35. Nxf5 gxf5 36. Rd2 Re4 37. Rc2 Re3 38. Qg8+ Re8 39. Qd5 Re3 40.
Rc7 Qd8 41. Qxb7# 1-0

[Event "*** Titled Tuesday Blitz"]
[Site "Chess.com"]
[Date "2020.04.07"]
[Round "3"]
[White "StoreySniper"]
[Black "violetflower04"]
[Result "1-0"]
[WhiteElo "2526"]
[BlackElo "2199"]
[TimeControl "180+1"]
[EndTime "13:29:58 PDT"]
[Termination "StoreySniper won by checkmate"]

1. e4 c5 2. Nf3 Nc6 3. Bb5 Nf6 4. Nc3 g6 5. Bxc6 dxc6 6. d3 Bg7 7. Bg5 O-O 8. Qd2 Re8 9. Bh6 Bh8 10. h3 e5 11. g4 Qc7 12. Ne2 Be6 13. Ng3 c4 14.
Nf5 Rad8 15. Qe3 cxd3 16. cxd3 Qa5+ 17. Kf1 Qb5 18. Rd1 Qxb2 19. Kg2 Qb6 20. Qg5 Qc5 21.
Qh4 Bxf5 22. gxf5 Nh5 23. Rhg1 Bf6 24. Qg4 Bg7 25. Bxg7 Kxg7 26. Kh1 Nf4 27. d4 Qc3 28. dxe5 Ne2 29. Rge1 Rxd1 30. Rxd1 Qc2 31. Re1 Rd8 32. Ng5 Rd1 33. f6+ Kh6 34. Qh4# 1-0

[Event "*** Titled Tuesday Blitz"]
[Site "Chess.com"]
[Date "2020.04.07"]
[Round "3"]
[White "Gordima"]
[Black "Arman_Hakemi"]
[Result "0-1"]
[WhiteElo "2791"]
[BlackElo "2576"]
[TimeControl "180+1"]
[EndTime "13:29:59 PDT"]
[Termination "Arman_Hakemi won on time"]

1. Nf3 d5 2. g3 g6 3. Bg2 Bg7 4. O-O e5 5. d3 Ne7 6. Nc3 O-O 7. e4 c6 8. Re1 Qc7 9. b3 Bg4 10. h3 Bxf3 11. Qxf3 d4 12. Nd1 Nd7 13. Bd2 a5 14. a3 f5 15. exf5 gxf5 16. Nb2 Nf6 17. Qe2 Ng6 18.
Nc4 Rfe8 19. Qf3 f4 20. a4 Nd5 21. h4 fxg3 22. fxg3 Rf8 23. Qg4 Kh8 24. Bxd5 cxd5 25.
Na3 e4 26. dxe4 dxe4 27. Rxe4 d3 28. Rae1 Qc5+ 29. Kh1 Qxa3 30. h5 Ne5 31. Qh3 Nf3 32. h6 Bf6 33. Rf4 Nxe1 34. Qg4 Qa1 35. Bxe1 Qxe1+ 0-1

[Event "*** Titled Tuesday Blitz"]
[Site "Chess.com"]
[Date "2020.04.07"]
[Round "3"]
[White "SahajGrover"]
[Black "Sharpchess22"]
[Result "0-1"]
[WhiteElo "2653"]
[BlackElo "2924"]
[TimeControl "180+1"]
[EndTime "13:30:00 PDT"]
[Termination "Sharpchess22 won by resignation"]

1. e4 e5 2. Nf3 Nc6 3. Bb5 Nf6 4.
d3 Bc5 5. Bxc6 dxc6 6. Nbd2 Be6 7. Nb3 Bd6 8. h3 Qe7 9. Be3 a5 10. Ng5 Bd7 11. Nd2 b5 12. O-O a4 13. c4 h6 14. Ngf3 O-O 15. Qc2 Qe6 16. d4 exd4 17. Bxd4 c5 18. Bxf6 Qxf6 19. cxb5 Bxb5 20. Rfe1 Rfe8 21.
e5 Bxe5 22. Qxc5 Bxb2 23. Qxb5 c6 24. Qf1 Bxa1 25. Rxa1 Rad8 26. Rb1 Rb8 27. Rxb8 Rxb8 28. Qc4 a3 29. g3 Qe6 30. Qxe6 fxe6 31. Nc4 Rb3 32.
Nfe5 Rc3 33. Kf1 g5 34. Ke1 Rc1+ 35. Ke2 Rc2+ 36. Ke3 Rxa2 37. Nxc6 Ra1 38. Nxa3 Rxa3+ 39. Ke4 Kf7 40. Ke5 Rd3 41. Nd4 Rd1 42. Ke4 Kf6 43. Ke3 Rh1 44. Kf3 Rxh3 45. Kg2 g4 46. f3 Rh5 47.
fxg4 Rd5 48. Nf3 e5 0-1

[Event "*** Titled Tuesday Blitz"]
[Site "Chess.com"]
[Date "2020.04.07"]
[Round "3"]
[White "Blitzking642"]
[Black "Semen_Khanin"]
[Result "0-1"]
[WhiteElo "2402"]
[BlackElo "2628"]
[TimeControl "180+1"]
[EndTime "13:30:00 PDT"]
[Termination "Semen_Khanin won by resignation"]

1. d4 Nf6 2. c4 g6 3. Nc3 d5 4. Nf3 Bg7 5. h4 c6 6. cxd5 cxd5 7. Bf4 Nc6 8. e3 Bd7 9. Ne5 h5 10. Be2 O-O 11. Qb3 Na5 12. Qb4 e6 13. Rc1 Re8 14. Nxd7 Nxd7 15. Nb5 Nc6 16. Qd2 e5 17. dxe5 Ndxe5 18. Bg5 Qd7 19. O-O a6 20. Nc3 d4 21. Ne4 dxe3 22. Qxe3 Ng4 23. Bxg4 Qxg4 24. Rfe1 Bxb2 25. Rb1 Bd4 26. Qd3 Qf5 27. Nf6+ Bxf6 28. Qxf5 gxf5 29. Bxf6 b5 30. Rbd1 Rxe1+ 31. Rxe1 Kh7 32. Rc1 Nb4 33. a3 Nd5 34. Bd4 Nf4 35. Kf1 Rd8 36. Be3 Nd5 37. Bg5 Rd6 38. Rc8 Nb6 39. Rb8 Nc4 40. Bf4 Re6 41.
a4 bxa4 42. Rb4 Re4 43. g3 Ne3+ 0-1

[Event "*** Titled Tuesday Blitz"]
[Site "Chess.com"]
[Date "2020.04.07"]
[Round "3"]
[White "zivicd"]
[Black "vovachesss"]
[Result "1-0"]
[WhiteElo "2343"]
[BlackElo "2638"]
[TimeControl "180+1"]
[EndTime "13:30:01 PDT"]
[Termination "zivicd won on time"]

1. e4 e5 2. Nf3 d5 3. Nxe5 Bd6 4. d4 dxe4 5. Nc4 Nf6 6. Nc3 O-O 7. Bg5 Nc6 8. Ne3 Re8 9. a3 h6 10. Bh4 Be7 11.
Bb5 Bd7 12. O-O a6 13. Ba4 b5 14. Bb3 Na5 15. Ba2 Nb7 16. b4 Nd6 17. Qe2 Nf5 18. Nxf5 Bxf5 19. Qd2 Bd6 20. Bg3 Bxg3 21. hxg3 Qd6 22.
Ne2 Rad8 23. c3 c5 24. bxc5 Qxc5 25. Qf4 Qc8 26. Rac1 Be6 27. Bxe6 Rxe6 28. Qh4 Rc6 29. f3 e3 30. Rfd1 Nd5 31. Rd3 Qc7 32. Nf4 Nb6 33. Rxe3 g5 34. Qg4 f5 35. Qxf5 gxf4 36. Re6 Rxe6 37. Qxe6+ Kg7 38. Re1 Rd6 39. Qe5+ Kg6 40.
Qxf4 Qd7 41. Re5 Nd5 42. Qe4+ Kg7 43. Re8 Qf7 44. Qe5+ 1-0

[Event "*** Titled Tuesday Blitz"]
[Site "Chess.com"]
[Date "2020.04.07"]
[Round "3"]
[White "fidezivkovic"]
[Black "gixfantastix"]
[Result "1-0"]
[WhiteElo "2353"]
[BlackElo "2101"]
[TimeControl "180+1"]
[EndTime "13:30:01 PDT"]
[Termination "fidezivkovic won by checkmate"]

1. e4 Nf6 2. e5 Nd5 3. d4 d6 4.
Bc4 c6 5. Nf3 Bg4 6. O-O e6 7.
Nbd2 b5 8. Be2 Nf4 9. exd6 Bxd6 10. Ne4 Nxe2+ 11. Qxe2 Be7 12. c3 O-O 13. h3 Bh5 14.
Ng3 Bg6 15. Ne5 a6 16. Bf4 Qb6 17. Rfe1 c5 18. dxc5 Bxc5 19. Rad1 b4 20. c4 Ra7 21.
b3 a5 22. h4 a4 23. h5 Bf5 24. Nxf5 exf5 25. h6 g5 26. Bxg5 axb3 27. axb3 Re8 28. Qf3 f6 29. Qd5+ Kh8 30. Nf7+ Rxf7 31. Qxf7 Rxe1+ 32.
Rxe1 Bxf2+ 33. Kf1 fxg5 34. Qg7# 1-0

[Event "*** Titled Tuesday Blitz"]
[Site "Chess.com"]
[Date "2020.04.07"]
[Round "3"]
[White "otrov-11"]
[Black "Zurability"]
[Result "0-1"]
[WhiteElo "2419"]
[BlackElo "2679"]
[TimeControl "180+1"]
[EndTime "13:30:02 PDT"]
[Termination "Zurability won by resignation"]

1. d4 Nf6 2. g3 c5 3. d5 e6 4. c4 exd5 5. cxd5 b5 6. Bg2 d6 7. e4 Nbd7 8. Nf3 g6 9. O-O Bg7 10. Re1 O-O 11. Bf4 Qb6 12. Nc3 Nh5 13. Be3 b4 14.
Na4 Qa6 15. Bf1 Qa5 16. a3 Rb8 17. Qd2 Qc7 18. Rec1 bxa3 19. Rxa3 Nhf6 20. e5 Ng4 21. exd6 Qxd6 22. Bf4 Nge5 23. Nxe5 Nxe5 24. Re3 Bb7 25. Rce1 f6 26. Bg2 Ba8 27. Nc3 Rb4 28.
Bxe5 fxe5 29. Ne4 Qb6 30. d6 Rxb2 31. Qd3 Kh8 32. d7 Rb4 33. Ng5 Rd4 34. Qb3 Rxd7 35.
Bxa8 h6 36. Ne6 Rxa8 37. Nxg7 Kxg7 38. Qc3 Kh7 39. Rxe5 Rf8 40. Re7+ Rf7 41. Re8 Rg7 42. Qf6 Qxf6 0-1

[Event "*** Titled Tuesday Blitz"]
[Site "Chess.com"]
[Date "2020.04.07"]
[Round "3"]
[White "steepedgames"]
[Black "Sven_Tica"]
[Result "1-0"]
[WhiteElo "2435"]
[BlackElo "2655"]
[TimeControl "180+1"]
[EndTime "13:30:02 PDT"]
[Termination "steepedgames won by resignation"]

1. d4 d5 2. Nf3 e6 3. Bf4 Bd6 4. e3 Qe7 5. Bd3 Bxf4 6. exf4 Qb4+ 7. Nbd2 Qxb2 8. O-O Nf6 9. Nb3 Nc6 10.
Ne5 Ne7 11. Qd2 Qa3 12. g4 Ne4 13. Bxe4 dxe4 14. Rfe1 b6 15. Rxe4 Bb7 16. Re3 Qd6 17.
a4 O-O 18. a5 Rad8 19. axb6 axb6 20. Ra7 Qd5 21. f3 Nc8 22. c4 Qxe5 23. fxe5 Nxa7 24. Rd3 Nc6 25. f4 Ba6 26. Qc3 Rd7 27. d5 Rfd8 28. Rd2 Ne7 29. dxe6 fxe6 30. Rxd7 Rxd7 31. Nd4 Ng6 32.
Nxe6 Rd1+ 33. Kf2 Bc8 34. f5 Bxe6 35. fxe6 Rd8 36. c5 b5 37. Qa5 Rf8+ 38. Kg3 c6 39. Qc7 b4 40. e7 Re8 41. Qxc6 Rxe7 42. Qa8+ Kf7 43. Qd5+ Kf8 44. c6 b3 45. Qxb3 Nxe5 46. Qd5 Ng6 47. c7 Re8 48. Qd6+ Ne7 49. Qd7 Kf7 50. Kf4 Ra8 51. Qd8 Ra5 52. c8=Q Ra4+ 53. Kg3 Nxc8 54. Qxc8 Re4 55. Qf5+ 1-0

[Event "*** Titled Tuesday Blitz"]
[Site "Chess.com"]
[Date "2020.04.07"]
[Round "3"]
[White "Chessalary"]
[Black "Etoilegeniale"]
[Result "0-1"]
[WhiteElo "2249"]
[BlackElo "2490"]
[TimeControl "180+1"]
[EndTime "13:30:02 PDT"]
[Termination "Etoilegeniale won by resignation"]

1. e4 c5 2. Nf3 d6 3. d4 cxd4 4. Nxd4 Nf6 5. Nc3 a6 6. Bc4 e6 7. Bb3 Be7 8. g4 Nc6 9. g5 Nd7 10. Bxe6 fxe6 11. Nxe6 Qa5 12. Nxg7+ Kf7 13. Nf5 Nde5 14.
Qh5+ Ng6 15. Nh6+ Ke8 16. Bd2 Be6 17. Nd5 Qa4 18. O-O-O Qxa2 19. Bc3 Rf8 20. Nf6+ Kd8 21. Nf5 Nf4 22. Qxh7 Ne2+ 23. Kd2 Nxc3 24. bxc3 Bxf5 25. Qxf5 Bxf6 26. gxf6 Ne5 27. Ke3 Kc7 28. f4 Rxf6 29.
Qh7+ Rf7 30. Qh5 Nc4+ 31. Kf3 Raf8 32. f5 Qxc2 33. Rc1 Ne5+ 34. Kg3 Qxe4 35. Rhe1 Rg7+ 36. Kf2 Rg2+ 37. Kf1 Rxf5+ 38. Qxf5 Qxf5+ 39. Kxg2 Qf3+ 40. Kg1 Ng4 41. Re7+ Kc6 42. Rc2 Qd1+ 43. Kg2 Qxc2+ 44. Kg3 Ne5 0-1

[Event "*** Titled Tuesday Blitz"]
[Site "Chess.com"]
[Date "2020.04.07"]
[Round "3"]
[White "sergeikim"]
[Black "AlanZhang"]
[Result "0-1"]
[WhiteElo "2343"]
[BlackElo "2141"]
[TimeControl "180+1"]
[EndTime "13:30:02 PDT"]
[Termination "AlanZhang won on time"]

1. d4 Nf6 2. c4 e6 3. Nc3 d5 4. Nf3 Be7 5. Bf4 O-O 6. e3 c5 7. Bd3 Nc6 8. a3 dxc4 9. Bxc4 cxd4 10.
exd4 b6 11. O-O Bb7 12. Qd3 Rc8 13. Ba2 h6 14. Rad1 Nb8 15. Ne5 Nbd7 16. Qe2 Nd5 17. Nxd5 Bxd5 18. Bxd5 exd5 19. Rfe1 Nxe5 20. dxe5 Qd7 21.
Rd3 Qb5 22. Qd2 Rfd8 23. Rg3 Kf8 24. e6 fxe6 25. Rxe6 Rc6 26. Rxc6 Qxc6 27. Be5 g5 28. h4 Ke8 29. Bd4 Kd7 30. h5 Rc8 31. Rc3 Qe6 32. Rd3 Kc7 33. Be3 Rd8 34. Rc3+ Kb7 35. Bd4 Bd6 36.
Re3 Qf7 37. Rf3 Qxh5 38. Qd3 g4 39. Rf6 Qh2+ 40. Kf1 Re8 0-1

[Event "*** Titled Tuesday Blitz"]
[Site "Chess.com"]
[Date "2020.04.07"]
[Round "3"]
[White "RobertoRochaMAO"]
[Black "coalescenet"]
[Result "0-1"]
[WhiteElo "2002"]
[BlackElo "2332"]
[TimeControl "180+1"]
[EndTime "13:30:02 PDT"]
[Termination "coalescenet won on time"]

1. e4 c6 2. Nf3 d5 3. exd5 cxd5 4.
d4 Qc7 5. Be3 Bg4 6. c3 Nc6 7.
Nbd2 e6 8. Bb5 Bd6 9. h3 Bh5 10. Qa4 Ne7 11. O-O a6 12. Bd3 O-O 13. Qc2 Bg6 14.
Rfe1 Rac8 15. a3 Rb8 16. Nf1 Rfc8 17. Bg5 b5 18. Qe2 Qb6 19. Rad1 a5 20. Be3 Bxd3 21. Qxd3 b4 22. Ne5 bxc3 23. bxc3 Bxe5 24. dxe5 Qb5 25. f4 Nf5 26. Bf2 Qxd3 27. Rxd3 Rb3 28.
a4 h5 29. Ne3 Nce7 30. Nd1 Rc4 31. Bb6 Rxa4 32. Bd8 Nc6 33. Bc7 Rxf4 34. g4 hxg4 35.
h4 Nxh4 36. Rf1 Nf3+ 37. Kg2 g5 38. Ne3 Rb2+ 39. Kg3 Nfxe5 40. Bxe5 Nxe5 41. Rd4 Rf3+ 42. Rxf3 gxf3 43. Ng4 Rg2+ 0-1

[Event "*** Titled Tuesday Blitz"]
[Site "Chess.com"]
[Date "2020.04.07"]
[Round "3"]
[White "DerSchachaffe"]
[Black "rpragchess"]
[Result "0-1"]
[WhiteElo "2472"]
[BlackElo "2792"]
[TimeControl "180+1"]
[EndTime "13:30:03 PDT"]
[Termination "rpragchess won by resignation"]

1. e4 c5 2. Nf3 e6 3. d4 cxd4 4. Nxd4 a6 5. c4 Nf6 6. Nc3 Qc7 7. Be2 Bb4 8. Nc2 Bxc3+ 9. bxc3 d6 10. f3 O-O 11. O-O Nbd7 12. Kh1 b6 13. Rb1 Bb7 14. Qe1 d5 15. exd5 exd5 16. Qg3 Qxg3 17. hxg3 Rfe8 18. Ne3 Rac8 19. Rf2 dxc4 20. Nf5 Re6 21. Nd4 Re5 22. g4 Nd5 23. Bd2 Ba8 24. Kh2 b5 25. Kg3 Nc5 26. Bd1 Rd8 27. a4 bxa4 28. Re2 Ree8 29. Rxe8+ Rxe8 30. Nf5 Nb3 31. Bg5 f6 32. Nd6 Rd8 33. Nxc4 fxg5 34.
Bxb3 axb3 35. Rxb3 Bc6 36. Ne5 Be8 37. c4 Nf6 38. c5 Rc8 39. Rc3 Nd7 40. c6 Nxe5 0-1

[Event "*** Titled Tuesday Blitz"]
[Site "Chess.com"]
[Date "2020.04.07"]
[Round "3"]
[White "AliMentor20"]
[Black "StarkAst"]
[Result "1-0"]
[WhiteElo "2396"]
[BlackElo "2592"]
[TimeControl "180+1"]
[EndTime "13:30:03 PDT"]
[Termination "AliMentor20 won by resignation"]

1. e4 e6 2. d4 d5 3. Nc3 Bb4 4. e5 c5 5. Bd2 Nh6 6. Nb5 Bxd2+ 7. Qxd2 O-O 8. dxc5 Nc6 9. Nf3 f6 10. exf6 Qxf6 11. O-O-O b6 12. cxb6 axb6 13. Qc3 Rxa2 14. Kb1 Qxc3 15. Nxc3 Ra5 16. Bb5 Bd7 17. Rhe1 Rfa8 18.
b3 Ng4 19. Bxc6 Bxc6 20. Rxe6 Nxf2 21. Rd2 Ne4 22. Nxe4 dxe4 23. Rxc6 exf3 24. gxf3 b5 25. Rb6 h6 26. Rb7 Kh8 27. Rdd7 Ra1+ 28. Kb2 R1a2+ 29. Kc3 Rc8+ 30. Rdc7 Rxc7+ 31. Rxc7 Ra6 32. Kb4 Rf6 33. Kxb5 Rxf3 34. b4 h5 35. c4 h4 36. Re7 h3 37.
Re2 g5 38. c5 g4 39. c6 Rc3 40.
Kb6 Kg7 41. b5 g3 42. hxg3 Rxg3 43. c7 Rg2 44. c8=Q Rxe2 45. Qxh3 1-0

[Event "*** Titled Tuesday Blitz"]
[Site "Chess.com"]
[Date "2020.04.07"]
[Round "3"]
[White "Martins-BR"]
[Black "Mizner"]
[Result "0-1"]
[WhiteElo "2285"]
[BlackElo "2555"]
[TimeControl "180+1"]
[EndTime "13:30:03 PDT"]
[Termination "Mizner won by resignation"]

1. e4 e6 2. d4 d5 3. Nc3 Nf6 4. Bg5 dxe4 5. Nxe4 Nbd7 6. Nf3 Be7 7. Bxf6 Nxf6 8.
Nxf6+ Bxf6 9. Bd3 c5 10. Bb5+ Bd7 11. Bxd7+ Qxd7 12. Qd3 cxd4 13. O-O-O Rd8 14. h4 Qd5 15. Kb1 h6 16. Nd2 O-O 17. Ne4 Be7 18. g4 f5 19.
gxf5 exf5 20. Ng3 Bd6 21. Nh5 Qf7 22. Qf3 g6 23. Rhg1 Kh7 24. Nf4 Bxf4 25. Qxf4 Qd5 26. Rg3 Rfe8 27. h5 g5 28. Qd2 Re4 29. a3 Rde8 30.
Rd3 Re2 31. Qb4 Qc6 32. Qb3 Qe6 33. Qxb7+ Re7 34. Qb5 Qc8 35. Rc1 Rxf2 36. Rxd4 g4 37. Rc4 Qe6 38. Rc6 Qe2 39. Qa6 Qe3 40. Qc8 Qxc1+ 0-1

[Event "*** Titled Tuesday Blitz"]
[Site "Chess.com"]
[Date "2020.04.07"]
[Round "3"]
[White "deBaller"]
[Black "TheKingDoctor"]
[Result "0-1"]
[WhiteElo "2331"]
[BlackElo "2108"]
[TimeControl "180+1"]
[EndTime "13:30:04 PDT"]
[Termination "TheKingDoctor won by checkmate"]

1. e4 e5 2. Nf3 Nc6 3. d4 exd4 4.
Bc4 Bc5 5. c3 Nf6 6. e5 d5 7.
Bb5 Ne4 8. cxd4 Bb4+ 9. Nbd2 Bxd2+ 10. Bxd2 O-O 11. Bxc6 bxc6 12. O-O f6 13. h3 Ba6 14.
Re1 fxe5 15. Nxe5 Rxf2 16. Rxe4 Rf1+ 17. Qxf1 Bxf1 18. Rg4 Be2 19. Rg3 Qe8 20. Re1 Bh5 21. Ng6 Qxe1+ 22. Bxe1 Bxg6 23. Rc3 Rb8 24. b3 Be8 25.
Rc5 Kf7 26. Bg3 Rb7 27. Kf2 Ke6 28. Ke3 Kd7 29. Be5 g6 30. Ra5 Bf7 31. Kf4 Be6 32. Kg5 Bf5 33. Kh6 Be4 34. g3 Ke6 35. Ra6 Bg2 36. h4 Kd7 37. Kxh7 Be4 38. Kg7 Bf5 39.
Kf6 Be4 40. g4 Bd3 41. h5 gxh5 42. gxh5 Bxa6 43. h6 Bd3 44. Kg7 Rb6 45. a4 Rxb3 46. h7 Bxh7 47. Kxh7 Ra3 48. Kg6 Rxa4 49. Kf5 Rb4 50.
Kf4 a5 51. Ke3 a4 52. Kd2 a3 53. Kc3 Rb5 54. Bxc7 a2 55. Bf4 a1=Q+ 56. Kd3 Qa3+ 57. Ke2 Rb2+ 58. Bd2 Qc3 59. Kf1 Rxd2 60. Kg1 Qc1# 0-1

[Event "*** Titled Tuesday Blitz"]
[Site "Chess.com"]
[Date "2020.04.07"]
[Round "3"]
[White "donotreadit"]
[Black "pooh2012"]
[Result "1-0"]
[WhiteElo "2738"]
[BlackElo "2457"]
[TimeControl "180+1"]
[EndTime "13:30:05 PDT"]
[Termination "donotreadit won by resignation"]

1. Nf3 Nf6 2. d4 e6 3. Bf4 c5 4. e3 b6 5. Nbd2 Bb7 6. Bd3 Be7 7. O-O O-O 8. c3 d6 9. Qe2 a6 10. e4 cxd4 11. cxd4 Nbd7 12. Rfe1 Re8 13. h3 b5 14. a3 Qb6 15. Bg3 Nf8 16. Rad1 Ng6 17. Bb1 Nh5 18.
Bh2 Rac8 19. Qe3 e5 20. g4 Nhf4 21. dxe5 Nxh3+ 22. Kg2 Qxe3 23. fxe3 Ng5 24. exd6 Nxf3 25. Nxf3 Bxd6 26. Rxd6 Bxe4 27. Bxe4 Rxe4 28. Red1 h6 29. g5 hxg5 30. Rd8+ Re8 31. Rxe8+ Rxe8 32. Nxg5 f6 33. Nf3 Rxe3 34. Rd2 Re4 35. Kf2 a5 36. Rd5 b4 37.
Rxa5 bxa3 38. bxa3 Ne7 39. Ra8+ Kh7 40. a4 Nd5 41. a5 Ra4 42. Bd6 Ra2+ 43. Kg3 Nc3 44. Kf4 Ne2+ 45. Kf5 Ra4 46. a6 Nc3 47. Ke6 Ne4 48.
Be7 Kg6 49. Nh4+ Kh5 50. Nf5 Ng5+ 51. Kd7 Re4 52. Nxg7+ Kg6 53. Ne8 Rd4+ 54. Nd6 Ne6 55. Kxe6 1-0